 Dungeon Crawl Stone Soup version 0.25.0-1-g7eea58d (webtiles) character file.

Game seed: 3230823894908801169

20204 Illumine the Cleaver (level 12, -2/108 HPs)
             Began as a Minotaur Fighter on June 23, 2020.
             Was an Elder of Makhleb.
             Slain by a 12-headed hydra (6 damage)
             ... on level 6 of the Lair of Beasts.
             The game lasted 00:14:56 (15366 turns).

Illumine the Cleaver (Minotaur Fighter)            Turns: 15366, Time: 00:14:57

Health: -2/108     AC: 16    Str: 27    XL:     12   Next: 43%
Magic:  16/16      EV: 14    Int:  5    God:    Makhleb [****..]
Gold:   992        SH: 13    Dex:  7    Spells: 11/11 levels left

rFire    . . .     SeeInvis .   a - +0 war axe
rCold    + . .     Gourm    .   c - +1 kite shield
rNeg     . . .     Faith    .   w - +0 plate armour of Instinct {+Fly rElec rPois Dex-2}
rPois    +         Spirit   .   (helmet restricted)
rElec    +         Reflect  .   (no cloak)
rCorr    .         Harm     .   (no gloves)
MR       .....                  o - +0 pair of boots
Stlth    ..........             (no amulet)
HPRegen  0.28/turn              t - +4 ring of evasion
MPRegen  0.15/turn              m - ring of protection from cold

@: no status effects
A: retaliatory headbutt, horns 2
a: Minor Destruction, Lesser Servant of Makhleb, Major Destruction, Renounce
Religion, Evoke Flight


You were on level 6 of the Lair of Beasts.
You worshipped Makhleb.
Makhleb was greatly pleased with you.
You were very hungry.

You visited 4 branches of the dungeon, and saw 20 of its levels.

You collected 992 gold pieces.

Inventory:

Hand Weapons
 a - a +0 war axe (weapon)
Missiles
 l - 9 boomerangs (quivered)
Armour
 c - a +1 kite shield (worn)
 o - a +0 pair of boots (worn)
 w - the +0 plate armour of Instinct (worn) {+Fly rElec rPois Dex-2}
   (You found it on level 2 of the Lair of Beasts)

   It affects your dexterity (-2).
   It insulates you from electricity.
   It protects you from poison.
   It lets you fly.
 C - a +0 chain mail of cold resistance
Jewellery
 d - an uncursed ring of positive energy
 m - a ring of protection from cold (right hand)
 t - a +4 ring of evasion (left hand)
Wands
 b - a wand of digging (4)
 p - a wand of clouds (13)
 v - a wand of iceblast (11)
 y - a wand of enslavement (2)
Scrolls
 e - 4 scrolls of identify
 g - a scroll of amnesia
 r - 4 scrolls of teleportation
 s - a scroll of blinking
 u - 2 scrolls of immolation
 z - a scroll of magic mapping
 B - 4 scrolls of remove curse
 D - a scroll of enchant weapon {unknown}
 F - a scroll of fear
Potions
 i - 5 potions of curing
 j - 4 potions of invisibility
 k - a potion of cancellation
 n - 2 potions of resistance
 q - a potion of mutation
 x - a potion of lignification
 A - a potion of flight
 E - a potion of haste
Comestibles
 f - 27 rations


   Skills:
 + Level 10.9 Fighting
 + Level 11.9 Axes
 + Level 10.7 Armour
 + Level 9.1 Dodging
 + Level 10.7 Shields
 + Level 7.0 Invocations


You had 11 spell levels left.
You didn't know any spells.
Your spell library contained the following spells:

 Spells                   Type           Power        Failure   Level  Hunger
 Animate Skeleton         Necr           N/A          100%        1    ##.....
 Apportation              Tloc           #.....       100%        1    ##.....
 Corona                   Hex            #......      100%        1    ##.....
 Summon Small Mammal      Summ           #...         100%        1    ##.....
 Slow                     Hex            #.......     100%        2    ###....
 Inner Flame              Hex/Fire       #.......     100%        3    ####...
 Portal Projectile        Hex/Tloc       #.....       100%        3    ####...
 Static Discharge         Conj/Air       #.......     100%        3    ####...
 Cause Fear               Hex            #.........   100%        4    #####..
 Leda's Liquefaction      Hex/Erth       #.........   100%        4    #####..
 Lightning Bolt           Conj/Air       #.........   100%        5    ######.
 Ignition                 Fire           #.........   100%        8    #######
 Shatter                  Erth           #.........   100%        9    #######
 Tornado                  Air            #.........   100%        9    #######


Dungeon Overview and Level Annotations

Branches:
Dungeon (12/15)            Temple (1/1) D:7            Lair (5/6) D:11
 Shoals (0/4) Lair:4        Snake (1/4) Lair:4        Slime (0/5) Lair:5
    Orc: D:9-12

Altars:
Ashenzari
Cheibriados
Dithmenos
Elyvilon
Fedhas
Gozag
Hepliaklqana
Kikubaaqudgha
Makhleb
Nemelex Xobeh
Okawaru
Qazlal
Ru
Trog
Uskayaw
Vehumet
Wu Jian
Xom
Yredelemnul
Zin
The Shining One

Shops:
D:10 }

Annotations:
D:5 1 runed translucent door, Notta's ghost, amateur DsFE
D:8 4 runed translucent doors
Lair:4 exclusion: oklob plant


Innate Abilities, Weirdness & Mutations

You reflexively headbutt those who attack you in melee.
You have a pair of horns on your head.


Message History

You closely miss the crocodile. The crocodile bites you!
The 11-headed hydra bites you but does no damage.
The 11-headed hydra bites you! The 11-headed hydra barely misses you.
You block the 11-headed hydra's attack. The 11-headed hydra bites you!
* * * LOW HITPOINT WARNING * * *
The 11-headed hydra misses you. You block the 11-headed hydra's attack.
The 11-headed hydra bites you but does no damage.
The 11-headed hydra bites you!
* * * LOW HITPOINT WARNING * * *
The 11-headed hydra closely misses you. The 11-headed hydra bites you!
* * * LOW HITPOINT WARNING * * *
You chop one of the 11-headed hydra's heads off!
The ten-headed hydra grows two more!
You slash the 12-headed hydra! You headbutt the 12-headed hydra!
The 12-headed hydra is severely wounded.
You closely miss the crocodile. You block the crocodile's attack.
The 12-headed hydra misses you.
You block the 12-headed hydra's attack. x2
The 12-headed hydra bites you but does no damage.
The 12-headed hydra bites you.
You die...

..........
.........##
..........###
............## ..
..........รท..##....
...............#
.......P.....#.P...
..........###......
.......P.@..#P.....
........tD### .#...
...........# .P ..
...........# P. .
.....!...P.. ...
..........P..
.............#
..............#
...............


You could see a 12-headed hydra and a crocodile.

Vanquished Creatures
  3 hydras
  2 two-headed ogres
  Pikel (D:6)
  A manticore (D:11)
  A black mamba (Lair:3)
  A gargoyle (D:10)
  4 spiny frogs
  A rime drake (Lair:5)
  4 komodo dragons
  2 trolls (D:11)
  4 hippogriffs
  A snapping turtle (Lair:4)
  A wraith (D:11)
  17 yaks
  A wyvern (D:11)
  2 hogs (D:8)
  3 basilisks
  Eustachio (D:4)
  A human (D:8)
  A naga (Lair:4)
  2 acid dragons (D:11)
  5 porcupines
  A swamp drake (D:11)
  5 orc warriors
  3 phantoms (D:11)
  A slave (D:6)
  6 water moccasins
  A black bear (D:9)
  2 ice beasts
  An eye of draining (D:9)
  6 ogres
  11 crocodiles
  7 wolves
  3 centaurs
  A big kobold (D:7)
  2 gnoll sergeants (D:7)
  10 bullfrogs
  A wyvern skeleton (D:10)
  2 scorpions
  A water moccasin skeleton (D:6)
  12 killer bees
  2 howler monkeys (D:8)
  2 crimson imps
  A jelly (Lair:5)
  A bullfrog zombie (D:6)
  10 hounds
  A quasit (D:6)
  3 bullfrog skeletons
  3 orc priests
  A centaur skeleton (D:6)
  14 orc wizards
  4 iguanas
  6 worker ants
  2 killer bee zombies
  A hound skeleton (D:5)
  2 howler monkey skeletons
  13 gnolls
  14 adders
  4 shadow imps
  6 oozes
  An adder skeleton (D:6)
  A dart slug (D:1)
  3 worms
  8 leopard geckos
  25 orcs
  6 giant cockroaches
  9 goblins
  14 hobgoblins
  14 jackals
  9 quokkas
  8 bats
  12 frilled lizards
  12 kobolds
  A leopard gecko skeleton (D:3)
  8 rats
  A fungus (Lair:5)
357 creatures vanquished.

Vanquished Creatures (others)
  3 fungi (Lair:5)
  6 plants
9 creatures vanquished.

Grand Total: 366 creatures vanquished

Notes
Turn   | Place    | Note
-------+----------+-------------------------------------------
     0 | D:1      | Illumine the Minotaur Fighter began the quest for the Orb.
     0 | D:1      | Reached XP level 1. HP: 19/19 MP: 0/0
   286 | D:1      | Reached XP level 2. HP: 22/27 MP: 1/1
   522 | D:1      | Reached skill level 3 in Axes
   676 | D:2      | Reached XP level 3. HP: 32/33 MP: 2/2
  1112 | D:2      | Reached XP level 4. HP: 40/40 MP: 3/3
  1121 | D:2      | Found a sparkling altar of Nemelex Xobeh.
  1126 | D:2      | Found a shattered altar of Ashenzari.
  1131 | D:2      | Found a basalt altar of Yredelemnul.
  1311 | D:2      | Reached skill level 1 in Dodging
  1400 | D:2      | Reached skill level 4 in Axes
  1931 | D:3      | Reached XP level 5. HP: 45/47 MP: 4/4
  2710 | D:4      | Noticed Eustachio
  2727 | D:4      | Killed Eustachio
  2727 | D:4      | Reached skill level 5 in Fighting
  2727 | D:4      | Reached skill level 5 in Axes
  2727 | D:4      | Reached XP level 6. HP: 48/56 MP: 5/5
  2822 | D:4      | Reached skill level 5 in Armour
  2822 | D:4      | Reached skill level 5 in Shields
  2960 | D:4      | Reached XP level 7. HP: 59/61 MP: 6/6
  3345 | D:5      | Entered Level 5 of the Dungeon
  3572 | D:5      | Reached skill level 6 in Axes
  3935 | D:5      | Found a runed translucent door.
  3935 | D:5      | Noticed Notta's ghost (amateur DsFE)
  4273 | D:6      | Reached XP level 8. HP: 65/70 MP: 7/7
  4380 | D:6      | Reached skill level 7 in Axes
  4878 | D:6      | Noticed Pikel
  4890 | D:6      | Killed Pikel
  4890 | D:6      | Reached skill level 8 in Axes
  5814 | D:7      | Reached XP level 9. HP: 76/78 MP: 8/8
  5816 | D:7      | Found a staircase to the Ecumenical Temple.
  5837 | Temple   | Entered the Ecumenical Temple
  5847 | Temple   | Became a worshipper of Makhleb the Destroyer
  5950 | D:7      | Reached skill level 5 in Dodging
  5973 | D:7      | Reached skill level 1 in Invocations
  6382 | D:7      | Reached * piety under Makhleb
  6384 | D:7      | Reached skill level 9 in Axes
  7244 | D:8      | Found a basalt altar of Yredelemnul.
  7334 | D:8      | Found a huge runed translucent gate.
  7334 | D:8      | Found a huge runed translucent gate.
  7334 | D:8      | Found a huge runed translucent gate.
  7334 | D:8      | Found a huge runed translucent gate.
  7334 | D:8      | Noticed a polar bear
  7334 | D:8      | Noticed a manticore
  7334 | D:8      | Noticed a death yak
  7334 | D:8      | Noticed a polar bear
  7335 | D:8      | Noticed a polar bear
  7462 | D:8      | Reached XP level 10. HP: 52/88 MP: 11/11
  7771 | D:8      | Found a flagged portal.
  7965 | D:8      | Reached ** piety under Makhleb
  8102 | D:9      | Noticed a two-headed ogre
  8114 | D:9      | Killed a two-headed ogre
  8114 | D:9      | Reached skill level 10 in Axes
  8327 | D:9      | You fall into a shaft and drop 3 floors!
  8328 | D:12     | Noticed a skeletal warrior
  8328 | D:12     | Noticed a skeletal warrior
  8328 | D:12     | Noticed a skeletal warrior
  8448 | D:10     | Entered Level 10 of the Dungeon
  9141 | D:10     | Found Arieferch's Gadget Shoppe.
  9668 | D:10     | Noticed a gargoyle
  9680 | D:10     | Killed a gargoyle
  9680 | D:10     | Reached skill level 5 in Invocations
  9680 | D:10     | Reached XP level 11. HP: 78/97 MP: 13/13
  9992 | D:11     | Noticed a two-headed ogre
 10001 | D:11     | Killed a two-headed ogre
 10013 | D:11     | Reached *** piety under Makhleb
 10311 | D:11     | Found a radiant altar of Vehumet.
 10827 | D:11     | Found a staircase to the Lair.
 10864 | Lair:1   | Entered Level 1 of the Lair of Beasts
 10923 | Lair:1   | Reached skill level 11 in Axes
 12110 | Lair:2   | Reached skill level 10 in Fighting
 12110 | Lair:2   | Noticed a four-headed hydra
 12487 | Lair:3   | Reached skill level 10 in Armour
 12597 | Lair:3   | Reached skill level 10 in Shields
 13110 | Lair:2   | Got an ichor-stained plate armour
 13127 | Lair:2   | Identified the cursed +0 plate armour of Instinct {+Fly
                  | rElec rPois Dex-2} (You found it on level 2 of the Lair of
                  | Beasts)
 13731 | Lair:4   | Noticed a five-headed hydra
 13741 | Lair:4   | Killed a five-headed hydra
 13741 | Lair:4   | Reached XP level 12. HP: 100/107 MP: 15/15
 13767 | Lair:4   | Noticed a seven-headed hydra
 13777 | Lair:4   | Killed an eight-headed hydra
 13780 | Lair:4   | Reached **** piety under Makhleb
 13859 | Lair:4   | Found a staircase to the Snake Pit.
 14151 | Lair:4   | Found a staircase to the Shoals.
 14380 | Snake:1  | Entered Level 1 of the Snake Pit
 14380 | Snake:1  | Noticed a naga warrior
 14380 | Snake:1  | Noticed a naga warrior
 14459 | Lair:5   | Found a staircase to the Slime Pits.
 14737 | Lair:5   | Noticed an eight-headed hydra
 14749 | Lair:5   | Killed an eight-headed hydra
 14957 | Lair:5   | Noticed a death yak
 14958 | Lair:5   | Noticed a death yak
 14959 | Lair:5   | Noticed a death yak
 14983 | Lair:5   | You fall into a shaft and drop 1 floor!
 14983 | Lair:6   | Entered Level 6 of the Lair of Beasts
 14997 | Lair:6   | HP: 3/108 [basilisk (6)]
 15351 | Lair:6   | Noticed a five-headed hydra
 15365 | Lair:6   | HP: 3/108 [11-headed hydra (11)]
 15366 | Lair:6   | Slain by a 12-headed hydra

Illustrated notes

Levels and vault maps discovered:
D:1:      dpeg_arrival_pond, layout_loops_ring, serial_co_window_serial,
          co_window_paths_a, co_window_corner_a, co_window_of_opportunity_a,
          co_window_paths_b, co_window_of_opportunity_a, co_window_paths_a,
          co_window_corner_a, co_window_corner_cb, co_window_corner_ca,
          co_window_corner_b, co_window_broadway_b, co_window_paths_c,
          co_window_4corner_a, glass_columns_a, glass_columns_b
D:2:      minmay_diamond_boxcup, layout_loops_ring,
          minmay_overflow_temple_star_quad
D:3:      layout_rooms, first_ration, minmay_joined_circles
D:4:      layout_basic, serial_park_tiny_1, serial_bayou_crossing,
          uniq_eustachio
D:5:      layout_basic, hellmonk_ghost_happy_afterlife
D:6:      layout_layer_cave, roderic_lattice_a, uniq_pikel
D:7:      kennysheep_housing_project, layout_cave_pools,
          minmay_temple_entry_hall
D:8:      lemuel_bear_cage, layout_rooms, basic_altar, enter_bailey_8,
          grunt_livestock, kennysheep_small_square
D:9:      layout_grid_maze, old_standard_altar, basic_altar,
          nicolae_qazlal_style_of_elements
D:10:     layout_loops_corners, serial_shops, shop
D:11:     layout_basic, erik_lair_dragon, basic_altar,
          minmay_misc_feat_diagonals, grunt_ministairs_2
D:12:     layout_basic, orc_0_dummy, basic_altar, serial_shops, shop
Temple:   nicolae_temple_no_exploring_needed
Lair:1:   layout_roguey, lemuel_fruit_fields, lemuel_fruit_tree
Lair:2:   layout_chaotic_city, gauntlet_entry_generic, grunt_megastairs_1,
          serial_bayou_shore_b
Lair:3:   layout_roguey
Lair:4:   layout_hall_layers, minmay_shoals_entry_hut,
          guppyfry_snake_entry_island, minmay_lair_oklob_chamber
Lair:5:   layout_roguey, nicolae_slime_entry_slimehenge, lemuel_fruit_fields
Lair:6:   minmay_lair_end_enchanted_forest, layout_cave_shapes
Snake:1:  layout_grid_maze, grunt_ministairs_4

Skill      XL: |  1  2  3  4  5  6  7  8  9 10 11 12 |
---------------+-------------------------------------+-----
Axes           | 3 4 5 6 8 9 10 11 | 11.9
Fighting       | 4 5 6 8 9 10 | 10.9
Armour         | 4 5 6 7 9 10 | 10.7
Shields        | 4 5 6 7 9 10 | 10.7
Dodging        | 1 2 3 4 6 7 8 9 |  9.1
Invocations    | 3 5 6 7 |  7.0

Action                   |  1- 3 |  4- 6 |  7- 9 | 10-12 || total
-------------------------+-------+-------+-------+-------++-------
Melee: War axe           |   101 |   145 |   305 |   666 ||  1217
       Headbutt          |    14 |    32 |    35 |   132 ||   213
Evoke: Wand              |       |       |       |    19 ||    19
  Use: Scroll            |       |     1 |     7 |    15 ||    23
       Potion            |       |       |     1 |     4 ||     5
  Eat: Chunk             |     1 |     6 |    12 |    20 ||    39
       Ration            |       |       |     1 |     1 ||     2
Armor: Scale mail        |    52 |    26 |       |       ||    78
       Chain mail        |       |    40 |   105 |    35 ||   180
       Plate armour      |       |       |    24 |   250 ||   274
Dodge: Dodged            |    23 |    62 |   157 |   395 ||   637
Block: Kite shield       |    59 |    71 |   208 |   556 ||   894
